AoeStats
← Topi-Petteri

Arabia

504717770Analyzed
1v1 RM · 26d ago on Sep 6, 2026· 34m 40s· 2 players
Game mode
Random Map
Map size
Tiny (2 player)
Population
200
Speed
Normal
Resources
Standard
Victory
Conquest
Starting age
Dark Age
Ending age
Imperial Age
RankedLock teamsTeams togetherTeam positionsShared explorationLock speedFull tech treeHidden civsTurbo modeCheats
Victory
Defeat
🇫🇮 Britons · Finland
758
+15
🇮🇳 Celts · India
731
-15
catchchez
1:44 Loom
10:55 Feudal Age
13:18 Double-Bit Axe
21:11 Castle Age
20:52 Fletching
21:12 Crossbowman
23:51 Bodkin Arrow
31:16 Ballistics
37:44 Imperial Age
Topi-Petteri
9:28 Feudal Age
9:59 Double-Bit Axe
20:30 Castle Age
20:53 Wheelbarrow
21:37 Bow Saw
22:27 Crossbowman
23:09 Padded Archer Armor
23:00 Fletching
23:05 Gold Mining
26:49 Leather Archer Armor
26:29 Bodkin Arrow
27:19 Hand Cart
31:23 Town Watch
34:26 Imperial Age
35:15 Ballistics
Connection lost

Rejoining the realm…

Still unreachable

The connection could not be restored.

Session expired

The server has moved on; the page needs a fresh start.